 Dungeon Crawl Stone Soup version 0.28-a0-653-g7e9dba17c3 (webtiles) character file.

Game seed: 14261954292755064849

98 ryw the Insei (level 4, -2/34 HPs)
             Began as a Demonspawn Gladiator on Oct 11, 2021.
             Killed from afar by Ijyb (28 damage)
             ... with a bolt of acid
             ... on level 3 of the Dungeon.
             The game lasted 00:03:46 (2041 turns).

ryw the Insei (Demonspawn Gladiator)                Turns: 2041, Time: 00:03:47

Health: -2/34      AC:  4    Str: 14    XL:     4   Next: 44%
Magic:  4/4        EV: 12    Int: 10    God:
Gold:   52         SH:  0    Dex: 15    Spells: 3/3 levels left

rFire   . . .      SeeInvis .     - Unarmed
rCold   . . .      Faith    .   (no shield)
rNeg    . . .      Spirit   .   a - +0 leather armour
rPois   .          Reflect  .   b - +0 helmet
rElec   .          Harm     .   (no cloak)
rCorr   .          Rampage  .   (no gloves)
Will    .....                   (no boots)
Stlth   +.........              (no amulet)
HPRegen 0.11/turn               (no ring)
MPRegen 0.09/turn               (no ring)

@: no status effects
A: claws 1, demonic guardian 1
a: no special abilities


You were on level 3 of the Dungeon.
You visited 1 branch of the dungeon, and saw 3 of its levels.

You collected 52 gold pieces.

Inventory:

Missiles
 c - 3 throwing nets
 g - a javelin (quivered)
Armour
 a - a +0 leather armour (worn)
 b - a +0 helmet (worn)
Jewellery
 d - a ring of positive energy
Scrolls
 e - a scroll of brand weapon {unknown}
 f - a scroll of identify {unknown}
 h - a scroll of holy word {unknown}
 i - a scroll of teleportation {unknown}


   Skills:
 - Level 2.7 Fighting
 - Level 1.7 Throwing
 - Level 2.6 Dodging
 * Level 4.4 Unarmed Combat


You had 3 spell levels left.
You didn't know any spells.
Your spell library contained the following spells:

 Spells                   Type           Power      Damage    Failure   Level
 Pain                     Necr           0%         1d4       43%         1
 Agony                    Necr           0%         N/A       100%        5
 Excruciating Wounds      Necr           0%         N/A       100%        5


Dungeon Overview and Level Annotations

Branches:
Dungeon (3/15)

Altars:

Annotations:
D:2 Sigmund
D:3 Ijyb


Innate Abilities, Weirdness & Mutations

You have sharp fingernails.
A weak demonic guardian rushes to your aid.


Message History

You scratch the jackal.
The jackal is severely wounded.
The jackal closely misses you. The jackal barely misses you.
You scratch the jackal.
The jackal is almost dead.
The jackal bites you but does no damage.
You scratch the jackal.
You kill the jackal!
No target in view!
No target in view!
A frilled lizard comes into view.
The frilled lizard hisses angrily.
You see here a worm corpse.
A frilled lizard is nearby!
The frilled lizard barely misses you.
You scratch the frilled lizard.
You kill the frilled lizard!
No target in view!
No target in view!
No target in view!
A frilled lizard comes into view.
The frilled lizard hisses angrily.
The frilled lizard barely misses you.
You scratch the frilled lizard.
You kill the frilled lizard!
No target in view!
You see here a frilled lizard corpse.
Ijyb the Twisted Goblin comes into view.
She is wielding a +0 dagger, wearing a +2 ring mail of cold resistance and carrying a wand of acid (5).
Unknown command.
A quokka comes into view.
Ijyb shouts!
Found 13 bolts.
Found a stone staircase leading up.
Ijyb zaps a wand.
The bolt of acid hits you!
You barely miss Ijyb. Ijyb closely misses you.
You scratch Ijyb.
Ijyb is lightly wounded.
Ijyb zaps a wand.
The bolt of acid hits you!!
Ouch! That really hurt!
You die...

###.....##
.....(...#
#........# ........
##.....## ... #
#.......# ...<
#.###.......#.....
# .......rg@....##
..###............#
.....#.....#.....#
.................#
###...............
.....##..........#.
...# ##....#....#
..#####..#..#.....
#......#..#....


You could see Ijyb and a quokka.

Vanquished Creatures
  Jessica (D:2)
  An adder (D:2)
  A worm (D:3)
  2 dart slugs (D:1)
  5 endoplasms
  2 giant cockroaches
  6 goblins
  7 hobgoblins
  A jackal (D:3)
  8 kobolds (D:1)
  A quokka (D:1)
  4 ball pythons
  6 bats
  6 frilled lizards
  2 rats
53 creatures vanquished.

Notes
Turn   | Place    | Note
-------+----------+-------------------------------------------
     0 | D:1      | ryw the Demonspawn Gladiator began the quest for the Orb.
     0 | D:1      | Reached XP level 1. HP: 16/16 MP: 1/1
   406 | D:1      | Gained mutation: You have sharp fingernails. [demonic
                  | ancestry]
   406 | D:1      | Reached XP level 2. HP: 22/23 MP: 2/2
   625 | D:1      | Reached skill level 3 in Unarmed Combat
   774 | D:1      | Found a faded altar of an unknown god.
   961 | D:1      | Gained mutation: A weak demonic guardian rushes to your
                  | aid. [demonic ancestry]
   961 | D:1      | Reached XP level 3. HP: 28/28 MP: 3/3
  1701 | D:2      | Noticed Jessica
  1707 | D:2      | Killed Jessica
  1708 | D:2      | Reached skill level 4 in Unarmed Combat
  1708 | D:2      | Reached XP level 4. HP: 9/34 MP: 4/4
  1932 | D:2      | Noticed Sigmund
  2035 | D:3      | Noticed Ijyb
  2041 | D:3      | Killed from afar by Ijyb

Illustrated notes

Levels and vault maps discovered:
D:1:      sevenhm_arrival_forest_fort_large_4, layout_rooms,
          hellmonk_ecumenical_altar_run_dry, serial_rivers,
          chequers_serial_rivers_marsh, chequers_serial_rivers_micro_e,
          chequers_serial_rivers_small_3, chequers_serial_rivers_micro_d,
          chequers_serial_rivers_room_a, chequers_serial_rivers_room_a
D:2:      layout_basic, uniq_sigmund, uniq_jessica
D:3:      layout_rooms, uniq_ijyb

Skill      XL: |  1  2  3 |
---------------+----------+-----
Unarmed Combat | 3 4 |  4.4
Fighting       | |  2.7
Throwing       | |  1.7
Dodging        | |  2.6

Action                   |  1- 3 |  4- 6 || total
-------------------------+-------+-------++-------
Melee: Unarmed           |   117 |    29 ||   146
       Punch             |     3 |       ||     3
Throw: Javelin           |       |     1 ||     1
 Stab: Sleeping          |     1 |       ||     1
Armor: Leather armour    |    25 |     3 ||    28
Dodge: Dodged            |    70 |    21 ||    91

Table legend: (Time is in decaauts)
 A = Elapsed time spent in this place.
 B = Non-inter-level travel time spent in this place.
 C = Inter-level travel time spent in this place.
 D = Time resting spent in this place.
 E = Time spent auto-exploring this place.
 F = Levels seen in this place.
 G = Mean time per level.
                   A        B        C        D        E       F      G
               +--------+--------+--------+--------+--------+-----+--------+
         Total |   2037 |   2004 |     33 |    393 |   1170 |   3 |  679.0 |
       Dungeon |   2037 |   2004 |     33 |    393 |   1170 |   3 |  679.0 |
               +--------+--------+--------+--------+--------+-----+--------+

Top non-repeatable levels by time:
     D:1: 1366 daAuts
     D:2: 628 daAuts
     D:3: 42 daAuts
